 Dungeon Crawl Stone Soup version 0.27-a0-1296-g8ece459b43 (webtiles) character file.

Game seed: 251442743316012390

781 Ijustatesigmund the Ducker (level 7, -4/34 (36) HPs)
             Began as a Spriggan Conjurer on June 16, 2021.
             Slain by a wight (14 damage)
             ... on level 3 of the Dungeon.
             The game lasted 00:13:57 (6584 turns).

Ijustatesigmund the Ducker (Spriggan Conjurer)      Turns: 6584, Time: 00:13:58

HP:   -4/34 (36)    AC:  2    Str:  4    XL:     7   Next: 55%
MP:   13/13         EV: 19    Int: 20    God:
Gold: 150           SH:  0    Dex: 14    Spells: 10/13 levels left

rFire    . . .     SeeInvis +   h - +2 short sword (venom)
rCold    . . .     Faith    .   (shield restricted)
rNeg     . . .     Spirit   .   a - +0 robe
rPois    .         Reflect  .   e - +0 hat
rElec    .         Harm     .   (no cloak)
rCorr    .         Rampage  .   (gloves unavailable)
Will     +....                  (boots unavailable)
Stlth    ++........             (no amulet)
HPRegen  0.11/turn              (no ring)
MPRegen  0.13/turn              (no ring)

@: drained, very quick
A: very small, no large weapons, unfitting armour, see invisible, speed 3
a: no special abilities


You were on level 3 of the Dungeon.
You visited 1 branch of the dungeon, and saw 4 of its levels.

You collected 150 gold pieces.

Inventory:

Hand Weapons
 b - a +1 short sword of freezing
 h - a +2 short sword of venom (weapon)
 n - a +0 vampiric short sword
Missiles
 f - 18 poisoned darts (quivered)
 g - a throwing net
Armour
 a - a +0 robe (worn)
 e - a +0 hat (worn)
Jewellery
 k - a ring of protection from cold
Scrolls
 i - 3 scrolls of teleportation
 j - 3 scrolls of identify
 l - a scroll of magic mapping
Potions
 c - 3 potions of heal wounds
 d - a potion of invisibility
 m - a potion of attraction {unknown}


   Skills:
 + Level 3.2 Fighting
 + Level 4.3 Short Blades
 + Level 2.1 Throwing
 + Level 6.0 Dodging
 - Level 3.0 Stealth
 - Level 3.9 Spellcasting
 - Level 3.5 Conjurations


You had 10 spell levels left.
You knew the following spells:

 Your Spells              Type           Power      Damage    Failure   Level
a - Magic Dart            Conj           68%        1d6       3%          1
b - Searing Ray           Conj           34%        3d4       4%          2

Your spell library contained the following spells:

 Spells                   Type           Power      Damage    Failure   Level
 Dazzling Flash           Conj/Hex       20%        N/A       19%         3
 Fulminant Prism          Conj/Hex       5%         3d7       54%         4
 Iskenderun's Mystic Bla  Conj/Tloc      10%        2d4       54%         4


Dungeon Overview and Level Annotations

Branches:
Dungeon (4/15)             Temple (0/1) D:4

Altars:
Fedhas
Makhleb
Zin

Shops:
D:2 :   D:3 (*


Innate Abilities, Weirdness & Mutations

You are very small and have problems with some larger weapons.
You are too small for most types of armour.
You have supernaturally acute eyesight. (SInv)
You cover ground extremely quickly. (Speed+++)


Message History

The wight is lightly damaged. (Press . to maintain the ray.)
The searing ray hits the wight!
The wight is severely damaged.
A wight comes into view. It is wielding a +5 flail.
The searing ray hits the wight.
The wight is almost destroyed.
The searing ray hits the wight.
The wight is heavily damaged.
The searing ray misses the wight.
You finish channeling your searing ray.
You barely miss the wight.
The wight is almost destroyed.
The wight closely misses you. The wight hits you but does no damage.
You hit the wight.
You destroy the wight!
The wight closely misses you.
Your Throwing skill increases to level 2!
Your Dodging skill increases to level 6!
The wight hits you with a +3 long sword!
You feel drained.
Found a dark potion.
Found 15 bolts.
Found a stone staircase leading down.
There is a stone staircase leading up here.
You climb upwards.
There is a stone staircase leading down here.
You start resting.
Magic restored.
You start resting.
HP restored.
You climb downwards.
The wight completely misses you. The wight misses you.
The wight hits you with a +5 flail!
The wight hits you with a +3 long sword!
* * * LOW HITPOINT WARNING * * *
There is a stone staircase leading up, spattered with blood here.
The wight completely misses you. The wight closely misses you.
You climb upwards.
There is a stone staircase leading down here.
The wight hits you with a +5 flail!
You die...

## #.# ##....######..#.# # #.#
####.........#.# ###
##.#######...#.......# ..#
#..##.......###.....##
..#########.##........#⌠_..∩..##
..........#.#.........###......#
..#######...#..........#.......#
### ##..#............).....#
###....@..............#
#.##..z.............#
###..##>z.............#
#.....#...............#
#.....#....##.........#
#....###########......#
##...#### ######## ####(.(#
##..#


You could see 2 wights.

Vanquished Creatures
  A necrophage (D:3)
  A phantom (D:4)
  A kobold brigand (D:4)
  2 scorpions
  A wyvern zombie (D:4)
  A wight (D:4)
  2 vampire bats (D:3)
  2 hounds (D:4)
  An iguana (D:4)
  4 gnolls
  An adder (D:3)
  A worm (D:3)
  3 dart slugs
  12 orcs
  10 ball pythons
  9 endoplasms
  2 giant cockroaches
  4 goblins
  3 hobgoblins
  2 jackals (D:3)
  12 kobolds
  A quokka (D:3)
  10 bats
  5 frilled lizards
  22 rats
113 creatures vanquished.

Notes
Turn   | Place    | Note
-------+----------+-------------------------------------------
     0 | D:1      | Ijustatesigmund the Spriggan Conjurer began the quest for
                  | the Orb.
     0 | D:1      | Reached XP level 1. HP: 9/9 MP: 5/5
   261 | D:1      | Reached skill level 3 in Dodging
   427 | D:1      | Reached skill level 1 in Short Blades
   427 | D:1      | Reached XP level 2. HP: 14/14 MP: 4/6
   430 | D:1      | Learned a level 2 spell: Searing Ray
   635 | D:1      | Found a faded altar of an unknown god.
  1169 | D:2      | Found Ikhlade's Book Emporium.
  1172 | D:2      | Reached skill level 1 in Fighting
  1554 | D:2      | Reached XP level 3. HP: 18/18 MP: 5/8
  2248 | D:3      | Reached skill level 4 in Dodging
  2337 | D:3      | Reached XP level 4. HP: 22/22 MP: 5/9
  2744 | D:3      | Found Zin's Purification Station.
  2826 | D:3      | Found a glowing silver altar of Zin.
  3055 | D:3      | Found Bimpe's Weapon Shop.
  3333 | D:3      | Reached XP level 5. HP: 24/26 MP: 4/10
  4238 | D:3      | Reached XP level 6. HP: 24/30 MP: 7/12
  4656 | D:4      | Reached skill level 5 in Dodging
  5214 | D:4      | Reached skill level 1 in Throwing
  5214 | D:4      | Reached XP level 7. HP: 15/35 MP: 7/13
  5538 | D:4      | Found a staircase to the Ecumenical Temple.
  5962 | D:4      | Found a blossoming altar of Fedhas.
  5962 | D:4      | Found a burning altar of Makhleb.
  6414 | D:4      | Reached skill level 6 in Dodging
  6584 | D:3      | Slain by a wight

Illustrated notes

Levels and vault maps discovered:
D:1:      giann_wishing_wells, layout_basic, ebering_ecumenical_altar_petrified,
          hangedman_glass_teeth
D:2:      layout_loops_ring, serial_shops, nicolae_shop_statue_plus
D:3:      layout_rooms, zin_purify, serial_shops, shop_statue, roderic_batcave,
          minmay_misc_feat_cross, minmay_rat_hole
D:4:      minmay_chambers_of_twos, layout_cave_pools,
          gammafunk_temple_overflow_pools, minmay_temple_entry_junction,
          chequers_garden, hangedman_decor_clover_reticule, cheibrodos_gnoll_hut

Skill      XL: |  1  2  3  4  5  6  7 |
---------------+----------------------+-----
Dodging        | 3 4 5 6 |  6.0
Short Blades   | 1 2 3 4 |  4.3
Fighting       | 1 2 3 |  3.2
Conjurations   | 3 |  3.5
Spellcasting   | 3 |  3.9
Throwing       | 1 2 |  2.1
Stealth        | |  3.0

Action                   |  1- 3 |  4- 6 |  7- 9 || total
-------------------------+-------+-------+-------++-------
Melee: Dagger            |     1 |       |       ||     1
       Short sword       |     6 |    51 |     7 ||    64
Throw: Dart              |     3 |     1 |       ||     4
 Cast: Magic Dart        |    76 |    42 |    32 ||   150
       Searing Ray       |       |    13 |     4 ||    17
  Use: Scroll            |     7 |     1 |     1 ||     9
 Stab: Sleeping          |     3 |     5 |     1 ||     9
Armor: Robe              |     1 |     5 |     1 ||     7
Dodge: Dodged            |     8 |    92 |    15 ||   115

Table legend: (Time is in decaauts)
 A = Elapsed time spent in this place.
 B = Non-inter-level travel time spent in this place.
 C = Inter-level travel time spent in this place.
 D = Time resting spent in this place.
 E = Time spent auto-exploring this place.
 F = Levels seen in this place.
 G = Mean time per level.
                   A        B        C        D        E       F      G
               +--------+--------+--------+--------+--------+-----+--------+
         Total |   5702 |   5636 |     66 |   3171 |   1893 |   4 | 1425.5 |
       Dungeon |   5702 |   5636 |     66 |   3171 |   1893 |   4 | 1425.5 |
               +--------+--------+--------+--------+--------+-----+--------+

Top non-repeatable levels by time:
     D:3: 2051 daAuts
     D:4: 1595 daAuts
     D:2: 1281 daAuts
     D:1: 773 daAuts
